 Dungeon Crawl Stone Soup version 0.19-a0-958-gd69d43c (webtiles) character file.

900 Implojin the Grappler (level 7, -7/66 HPs)
             Began as a Troll Fighter on July 11, 2016.
             Mangled by a centaur
             ... wielding a cursed -2 shortbow
              (10 damage)
             ... on level 6 of the Dungeon.
             The game lasted 00:04:12 (685 turns).

Implojin the Grappler (Troll Fighter)                Turns: 685, Time: 00:04:12

Health: -7/66      AC:  5    Str: 25    XL:     7   Next: 79%
Magic:  6/6        EV:  8    Int:  4    God:
Gold:   29         SH:  9    Dex: 11    Spells: 0 memorised, 6 levels left

rFire  . . .     SeeInvis .       - Unarmed
rCold  . . .     Gourm    +     a - +0 robe
rNeg   . . .     Faith    .     b - +0 shield
rPois  .         Spirit   .     (helmet restricted)
rElec  .         Dismiss  .     (no cloak)
rCorr  .         Reflect  .     (gloves unavailable)
SustAt .         Harm     .     (boots unavailable)
MR     .....                    (no amulet)
Stlth  +.........               (no ring)
                                (no ring)

@: lethally poisoned (-7 -> -8), not resistant to hostile enchantments, very
unstealthy
A: unfitting armour, claws 3, fast metabolism 3, gourmand, regeneration 2,
shaggy fur 1, tough skin 2
a: no special abilities


You were on level 6 of the Dungeon.
You were full.

You visited 1 branch of the dungeon, and saw 7 of its levels.

You collected 29 gold pieces.

Inventory:

Hand Weapons
 c - a cursed -2 flail
 k - a cursed -3 flail
Missiles
 i - 4 large rocks (quivered)
 j - 8 tomahawks
Armour
 a - a +0 robe (worn)
 b - a +0 shield (worn)
Scrolls
 e - a scroll of immolation {unknown}
 g - a scroll of teleportation {unknown}
 h - a scroll of blinking {unknown}
Books
 m - a book of Summonings

   Spells                             Type                      Level
   a - Recall                         Summoning/Translocation      3
   b - Aura of Abjuration             Summoning                    5
   c - Summon Demon                   Summoning                    5
   d - Summon Forest                  Summoning/Translocation      5
   e - Summon Mana Viper              Hexes/Summoning              5
   f - Shadow Creatures               Summoning                    6
Comestibles
 d - 2 bread rations
 l - a slice of pizza


   Skills:
 - Level 2.4 Fighting
 - Level 2.4 Dodging
 - Level 2.4 Shields
 * Level 9.2 Unarmed Combat


You had 6 spell levels left.
You didn't know any spells.

Dungeon Overview and Level Annotations

Branches:
Dungeon (7/15)
 Temple: D:4-7

Altars:


Innate Abilities, Weirdness & Mutations

You are too large for most types of armour.
You have claws for hands.
Your metabolism is lightning-fast.
You like to eat raw meat.
You heal very quickly.
You are covered in fur. (AC +1)
You have very tough skin. (AC +2)


Message History

You feel sick.
The centaur hits you but does no damage.
You closely miss the giant frog. The giant frog hits you!
* * * LOW HITPOINT WARNING * * *
You block the centaur's attack.
Unknown command.
You scratch the giant frog.
The giant frog is lightly wounded.
You feel sick. The giant frog barely misses you. The centaur barely misses you.
You block the giant frog's attack.
Unknown command.
You closely miss the giant frog.
The giant frog is lightly wounded.
The centaur hits you with a shortbow!
* * * LOW HITPOINT WARNING * * *
The giant frog hits you.
* * * LOW HITPOINT WARNING * * *
You miss the giant frog.
The giant frog is lightly wounded.
You feel sick. The centaur hits you with a shortbow.
* * * LOW HITPOINT WARNING * * *
You block the giant frog's attack. The centaur hits you with a shortbow.
* * * LOW HITPOINT WARNING * * *
Okay, then.
You scratch the giant frog.
The giant frog is moderately wounded.
The giant frog hits you.
* * * LOW HITPOINT WARNING * * *
You block the centaur's attack. You block the giant frog's attack.
Unknown command.
You closely miss the giant frog.
The giant frog is moderately wounded.
You feel sick. The centaur barely misses you.
The giant frog hits you but does no damage.
Unknown command.
Unknown command.
You scratch the giant frog.
The giant frog is heavily wounded.
The centaur hits you with a shortbow!
You die...

####.# #######..##...# #(...#
.......)>####.# #.####
#########.# #.# #.# .#
#.####.### #.####. #
#.##.....# #.##.. .###
#.##.###)# #.##.# ... .....#
#..
######.##.#####.########.###.#
#...........c@F...... #.....#
#......##.###..$.....# #.#.###
#....####.###.#.####.# #.#.#
#.... #..^....# #.# #.#.#
#..#. #####.### #.# #.#.#
##... ##.## #.# #.#.# .
.....####...#####.###)#.# #
#.# #......#.......#...#.# #.
#.###....##..........#


You could see a giant frog and a centaur.

Vanquished Creatures
  Grinder (D:6)
  Menkaure (D:4)
  An ice beast (D:6)
  A necrophage (D:5)
  A phantom (D:4)
  A centaur (D:6)
  A howler monkey (D:6)
  A crimson imp (D:5)
  2 orc wizards
  2 worker ants
  A hound skeleton (D:4)
  A worker ant zombie (D:6)
  An adder (D:5)
  A shadow imp (D:6)
  An adder skeleton (D:6)
  A worm (D:4)
  A giant gecko (D:2)
  11 orcs
  A ball python (D:1)
  A bat (D:2)
  3 goblins
  2 hobgoblins
  3 jackals (D:1)
  3 quokkas
  A giant newt (D:4)
  5 kobolds
  A rat (D:1)
50 creatures vanquished.

Notes
Turn   | Place    | Note
-------+----------+-------------------------------------------
     0 | D:1      | Implojin the Troll Fighter began the quest for the Orb.
     0 | D:1      | Reached XP level 1. HP: 22/22 MP: 0/0
    69 | D:1      | Reached XP level 2. HP: 21/29 MP: 1/1
   122 | D:2      | Reached skill level 3 in Unarmed Combat
   146 | D:4      | Noticed Menkaure
   146 | D:4      | Noticed a phantom
   154 | D:4      | Killed a phantom
   154 | D:4      | Reached skill level 4 in Unarmed Combat
   154 | D:4      | Reached XP level 3. HP: 21/36 MP: 2/2
   154 | D:4      | Reached XP level 4. HP: 26/44 MP: 3/3
   166 | D:4      | Killed Menkaure
   166 | D:4      | Reached skill level 5 in Unarmed Combat
   166 | D:4      | Reached XP level 5. HP: 12/50 MP: 4/4
   171 | D:4      | Reached skill level 6 in Unarmed Combat
   202 | D:5      | Entered Level 5 of the Dungeon
   260 | D:6      | Noticed an ice beast
   271 | D:6      | Killed an ice beast
   271 | D:6      | Reached XP level 6. HP: 17/59 MP: 5/5
   294 | D:6      | Reached skill level 7 in Unarmed Combat
   443 | D:5      | Reached XP level 7. HP: 64/64 MP: 6/6
   512 | D:6      | Reached skill level 8 in Unarmed Combat
   617 | D:6      | Noticed Grinder
   627 | D:6      | Paralysed by Grinder for 4 turns
   642 | D:6      | Killed Grinder
   642 | D:6      | Reached skill level 9 in Unarmed Combat
   682 | D:6      | HP: 3/66 [centaur/shortbow (1)]
   685 | D:6      | Mangled by a centaur

Vault maps used:
D:1:      shiori_arrival_elements
D:2:      minmay_misc_feat_rows, elyvilon_altar_5
D:3:      lemuel_castle_with_subvaults, first_bread
D:4:      vehumet_crystals, uniq_menkaure
D:5:      corexii_shantytown, gup_sewer_entry_bowl, abandoned_shop,
          grunt_pakellas_mercury, uniq_blork_the_orc
D:6:      serial_shops, nicolae_shop_behind_doors, roderic_serpentine_path,
          uniq_grinder, uniq_pikel, uniq_sigmund
D:7:      lemuel_coloured_pillars_altar

Skill      XL: |  1  2  3  4  5  6  7 |
---------------+----------------------+-----
Unarmed Combat | 4 5 6 7 9 |  9.2
Fighting       | |  2.4
Dodging        | |  2.4
Shields        | |  2.4

Action                   |  1- 3 |  4- 6 |  7- 9 || total
-------------------------+-------+-------+-------++-------
Melee: Unarmed           |    29 |    66 |    54 ||   149
  Use: Potion            |     1 |       |     1 ||     2
 Stab: Sleeping          |     1 |       |       ||     1
  Eat: Chunk             |     7 |       |     2 ||     9
Armor: Robe              |    10 |     8 |    10 ||    28
Dodge: Dodged            |    19 |    13 |    17 ||    49
Block: Shield            |    15 |    25 |    24 ||    64

Table legend:
 A = Turns spent in this place as a percentage of turns spent in the entire game.
 B = Non-inter-level travel turns spent in this place as a percentage of non-inter-level travel turns spent in the entire game.
 C = Inter-level travel turns spent in this place as a percentage of turns spent in this place.
 D = Turns resting spent in this place as a percentage of non-inter-level travel turns spent in this place.
 E = Turns spent auto-exploring this place as a percentage of non-inter-level travel turns spent in this place.
 F = Non-inter-level travel turns spent in this place divided by the number of levels of this place that you've seen.
                   A       B       C       D       E      F
               +-------+-------+-------+-------+-------+----------------------
         Total | 100.0 | 100.0 |   0.0 |   0.0 |   0.0 | 100.3
       Dungeon | 100.0 | 100.0 |   0.0 |   0.0 |   0.0 | 100.3
               +-------+-------+-------+-------+-------+----------------------

Table legend:
 A = Kills in this place as a percentage of kills in entire the game.
 B = Kills by you in this place as a percentage of kills by you in the entire game.
 C = Kills by friends in this place as a percentage of kills by friends in the entire game.
 D = Other kills in this place as a percentage of other kills in the entire game.
 E = Experience gained in this place as a percentage of experience gained in the entire game.
 F = Experience gained in this place divided by the number of levels of this place that you have seen.
                   A       B       C       D       E      F
               +-------+-------+-------+-------+-------+----------------------
         Total | 100.0 | 100.0 |  -nan |  -nan | 100.0 | 183.9
       Dungeon | 100.0 | 100.0 |  -nan |  -nan | 100.0 | 183.9
               +-------+-------+-------+-------+-------+----------------------
